[Event "45th FIDE Olympiad 2024"]
[Site "Budapest"]
[Date "2024.09.13"]
[Round "3.23"]
[White "Sonis, Francesco"]
[Black "Warmerdam, Max"]
[Result "1-0"]
[ECO "E67"]
[WhiteElo "2554"]
[BlackElo "2679"]
[Annotator "TA"]
[PlyCount "65"]
[EventDate "2024.09.05"]
[EventType "team-tourn"]
[EventCountry "HUN"]
[SourceTitle "playchess.com"]
[Source "ChessBase"]
[SourceQuality "1"]
[WhiteTeam "Italy"]
[BlackTeam "Netherlands"]
[WhiteTeamCountry "ITA"]
[BlackTeamCountry "NED"]
[TimeControl "40/5400+30:1800+30"]

1. c4 Nf6 2. Nc3 g6 3. g3 Bg7 4. Bg2 O-O 5. d4 d6 6. Nf3 Nbd7 7. O-O e5 8. e4 Re8 9. h3 b6 10. Qc2 exd4 11. Nxd4 Bb7 {[%emt 0:00:05][%cal Of6e4] Repels Nc6. White is slightly better.} 12. Rd1 Nc5 13. f3 Qe7 14. Nb3 c6 15. Nxc5 bxc5 16. Be3 d5 {[%emt 0:05:27] Threatens to win with ...d4.} 17. Na4 Nd7 18. cxd5 ({White should play} 18. Bf2 $14) 18... cxd5 $15 19. Bxc5 (19. Nxc5 $2 Rac8 (19... d4 20. Nxb7 dxe3 21. Nd6 $11) 20. Rac1 d4 21. Rxd4 Rxc5 $19 (21... Nxc5 $2 22. Rc4 $19)) 19... Rac8 $1 20. Bxe7 Rxc2 21. Bg5 Bc6 (21... Bxb2 $2 22. Rab1 (22. Nxb2 Rxb2 23. Rac1 Rc8 $16) 22... Bf6 23. Rxb7 $18) 22. Nc3 d4 (22... Rxb2 23. Nxd5 (23. exd5 Bb7 $11) 23... Bxd5 24. exd5 $17) 23. Nd5 Bxd5 (23... Rxb2 24. Ne7+ Rxe7 25. Bxe7 $14) 24. exd5 Ree2 {[%emt 0:00:33] Against Rd2} (24... Rxb2 25. Rab1 Rxa2 26. d6 $11) (24... h6 $1 $17 25. Bf4 g5 (25... Rxb2 26. Rab1 $15)) 25. Bf1 $11 Rh2 {[%emt 0:00:24][%cal Od7e5] ...Ne5! is the strong threat.} 26. Rd3 $1 Ne5 $2 {[%emt 0:06:46] [#]} (26... h6 $11 27. Be7 Ne5 (27... Rxb2 28. f4 $11)) 27. d6 $1 $16 f6 {[%emt 0:07:22] [#]} (27... Nxd3 $2 28. d7 h5 (28... Bf6 29. Bxf6) 29. d8=Q+ $18 (29. d8=R+ Kh7 $19)) (27... h6 $16 28. f4 Nd7 (28... Nxd3 29. d7 $18)) 28. Bf4 $1 $18 {[%emt 0:00:26] aiming for Bxe5.} ({Stronger than} 28. d7 Nxd7 29. Bf4 Ne5 (29... Rxb2 30. Rxd4 Ne5 31. Bxe5 $11) 30. Bxe5 fxe5 $17) 28... g5 $2 ({Avoid the trap} 28... Nxd3 $2 29. d7 h5 30. d8=Q+ $18 (30. d8=R+ Kf7 $16)) (28... Kf7 {keeps fighting.}) 29. Bxe5 {[%emt 0:00:11] White is clearly winning.} fxe5 30. d7 Bf6 31. Re1 Rxb2 {[%emt 0:03:24] [#]} 32. Rxe5 $3 Rhc2 33. Re6 {[%emt 0:01:51] Weighted Error Value: White=0.12 (very precise) /Black=0.44.  Mistake:       	White=1     	Black=4      Inaccurate:     	White=2     	---        OK:         	White=8     	Black=13     Best:        	White=3     	---        Strong:       	White=3     	Black=1} 1-0

[Event "45th FIDE Olympiad 2024"]
[Site "Budapest"]
[Date "2024.09.13"]
[Round "3.23"]
[White "Heron, Andrew"]
[Black "Zaw, Ye Htut"]
[Result "0-1"]
[ECO "B01"]
[WhiteElo "2026"]
[BlackElo "1815"]
[Annotator "NA RC"]
[PlyCount "82"]
[EventDate "2024.09.05"]
[EventType "team-tourn"]
[EventCountry "HUN"]
[SourceTitle "playchess.com"]
[Source "ChessBase"]
[SourceQuality "1"]
[WhiteTeam "Liechtenstein"]
[BlackTeam "Myanmar"]
[WhiteTeamCountry "LIE"]
[BlackTeamCountry "MYA"]
[TimeControl "40/5400+30:1800+30"]

1. e4 d5 2. exd5 Qxd5 3. h3 Nf6 4. Nf3 Nc6 5. Nc3 Qh5 6. Be2 Bg4 7. Rg1 Bxf3 8. Bxf3 Qe5+ 9. Qe2 Qxe2+ 10. Nxe2 Nb4 11. Kd1 O-O-O 12. g4 h6 13. d3 Nxd3 14. cxd3 Rxd3+ 15. Ke1 Rxf3 16. Ng3 Rd3 17. Be3 e6 18. Ke2 Rd7 19. Rac1 Nd5 20. Rc4 Nxe3 21. fxe3 Bd6 22. Ne4 Be5 23. b4 Rhd8 24. Rf1 g6 25. Rc2 f5 26. Nc5 Rd6 27. b5 a6 28. a4 axb5 29. axb5 Rb6 30. Ra2 Kb8 31. Rb1 Rd5 32. Rd1 Rxd1 33. Kxd1 Rxb5 34. Nd7+ Kc8 35. Nf8 b6 36. Nxg6 Kb7 37. Nf8 Bf6 38. Nxe6 fxg4 39. Rc2 gxh3 40. Rxc7+ Kb8 41. Rc2 h2 0-1

[Event "45th FIDE Olympiad 2024"]
[Site "Budapest"]
[Date "2024.09.13"]
[Round "3.24"]
[White "L'ami, Erwin"]
[Black "Brunello, Sabino"]
[Result "0-1"]
[ECO "D87"]
[WhiteElo "2628"]
[BlackElo "2511"]
[Annotator "TA"]
[PlyCount "74"]
[EventDate "2024.09.05"]
[EventType "team-tourn"]
[EventCountry "HUN"]
[SourceTitle "playchess.com"]
[Source "ChessBase"]
[SourceQuality "1"]
[WhiteTeam "Netherlands"]
[BlackTeam "Italy"]
[WhiteTeamCountry "NED"]
[BlackTeamCountry "ITA"]
[TimeControl "40/5400+30:1800+30"]

1. d4 Nf6 2. c4 g6 3. Nc3 d5 4. cxd5 Nxd5 5. e4 Nxc3 6. bxc3 Bg7 7. Bc4 c5 8. Ne2 Nc6 9. Be3 O-O 10. O-O Bg4 11. f3 Na5 12. Bxf7+ Rxf7 13. fxg4 Rxf1+ 14. Kxf1 Qd6 15. e5 Qd5 16. Kg1 Nc4 17. Bf2 (17. dxc5 $2 Qxd1+ (17... Nxe3 $2 18. Qxd5+ Nxd5 19. Rd1 $19) (17... Qxe5 18. Bd4 $14) 18. Rxd1 Nxe3 $19) 17... Rf8 18. g5 {[%emt 0:10:40] Dodges Bh6. White is slightly better.} Qf7 $1 {[%emt 0:11:34] Prevents g3.} 19. Qe1 Na3 $1 20. Rc1 {[%emt 0:05:39] Inhibits Nc2.} (20. dxc5 $2 Nc2 (20... Bxe5 21. Nd4 $11) 21. e6 Qxe6 $19 (21... Qxf2+ $2 22. Qxf2 Rxf2 23. Kxf2 $19)) 20... Qxa2 21. g3 Qc4 22. Nf4 Nb5 23. Qf1 Qxf1+ 24. Kxf1 Rc8 25. Nd5 Kf7 26. Rb1 Nc7 27. Nf4 b5 28. Ke2 c4 {[%emt 0:00:22] [#]} 29. e6+ $1 Ke8 30. Kf3 (30. Ra1 {deserves consideration.} a6 31. g4) 30... a5 $11 31. Ke4 b4 32. cxb4 Nb5 $36 {[%emt 0:00:09][%mdl 2048] Black is pushing.} 33. Be1 {[%emt 0:04:25] Prevents Nc3+} (33. bxa5 $2 Nc3+ 34. Ke3 Nxb1 $19) (33. Nd5 $11 a4 34. Rc1) 33... a4 $17 {[%emt 0:00:41][%mdl 1024] Black has strong compensation.} 34. Ra1 (34. Rd1 $17) 34... a3 $19 (34... Nxd4 35. Rxa4 (35. Bc3 Nxe6 36. Bxg7 Nxg7 $11) 35... Nb5 36. Ne2 $16 (36. Ra5 Nd6+ 37. Kd5 c3 $11)) 35. Ne2 Rd8 ({Stronger than} 35... c3 36. Kd3 $11) 36. Bf2 Rd6 37. Nc1 $2 {[%emt 0:00:23] [#]} (37. Kf3) 37... Bxd4 {[%emt 0:01:29] Weighted Error Value: White=0.31/Black=0.03 (flawless) .  Mistake:       	White=4     	---        Inaccurate:     	White=1     	Black=1      OK:         	White=9     	Black=13     Best:        	---       	Black=4      Strong:       	---       	Black=2} 0-1

[Event "45th FIDE Olympiad 2024"]
[Site "Budapest"]
[Date "2024.09.13"]
[Round "3.24"]
[White "Linn, Phone Myat"]
[Black "Frick, Renato"]
[Result "1-0"]
[ECO "C54"]
[WhiteElo "1763"]
[BlackElo "1925"]
[Annotator "NA RC"]
[PlyCount "77"]
[EventDate "2024.09.05"]
[EventType "team-tourn"]
[EventCountry "HUN"]
[SourceTitle "playchess.com"]
[Source "ChessBase"]
[SourceQuality "1"]
[WhiteTeam "Myanmar"]
[BlackTeam "Liechtenstein"]
[WhiteTeamCountry "MYA"]
[BlackTeamCountry "LIE"]
[TimeControl "40/5400+30:1800+30"]

1. e4 e5 2. Nf3 Nc6 3. Bc4 Bc5 4. c3 Nf6 5. d4 exd4 6. e5 d5 7. Bb5 Ne4 8. cxd4 Bb4+ 9. Nbd2 O-O 10. h3 Bd7 11. Bd3 Ng5 12. O-O Bxd2 13. Bxd2 Nxf3+ 14. Qxf3 Nxd4 15. Qxd5 Bxh3 16. Qe4 Bf5 17. Qe3 Bxd3 18. Qxd3 Ne6 19. Qe2 Qh4 20. Rac1 Rfd8 21. f4 c5 22. Rc3 Nd4 23. Qe4 Qg4 24. Rh3 g6 25. Be3 b6 26. Bxd4 cxd4 27. Rd3 Rac8 28. Rxd4 Rxd4 29. Qxd4 h5 30. Rd1 Rc2 31. Rd2 Rc1+ 32. Kf2 Qh4+ 33. Ke2 Qe1+ 34. Kf3 h4 35. Qf2 Qh1 36. Kg4 Rc4 37. e6 fxe6 38. Qe2 Rc6 39. Qe4 1-0

[Event "45th FIDE Olympiad 2024"]
[Site "Budapest"]
[Date "2024.09.13"]
[Round "3.25"]
[White "Stremavicius, Titas"]
[Black "Keymer, Vincent"]
[Result "1-0"]
[ECO "E10"]
[WhiteElo "2527"]
[BlackElo "2730"]
[Annotator "TA"]
[PlyCount "69"]
[EventDate "2024.09.05"]
[EventType "team-tourn"]
[EventCountry "HUN"]
[SourceTitle "playchess.com"]
[Source "ChessBase"]
[SourceQuality "1"]
[WhiteTeam "Lithuania"]
[BlackTeam "Germany"]
[WhiteTeamCountry "LTU"]
[BlackTeamCountry "GER"]
[TimeControl "40/5400+30:1800+30"]

1. d4 Nf6 2. c4 e6 3. Nf3 h6 4. g3 Bb4+ 5. Bd2 Be7 6. Bg2 d5 7. Qc2 O-O 8. O-O {[%emt 0:00:10] The position is equal.} c6 9. Rd1 Nbd7 10. Bf4 a5 11. Nc3 b6 12. Ne5 Nxe5 13. dxe5 Nd7 14. cxd5 cxd5 (14... exd5 $2 15. e4 d4 16. Rxd4 $16) 15. e4 $1 $36 {[%emt 0:00:09][%mdl 2048] White is more active.} d4 16. Rxd4 g5 $1 17. Be3 Bc5 {[%emt 0:02:56] [#]} 18. Qe2 $1 Qe8 (18... Qe7 19. Rd2) 19. Rd2 {[%emt 0:16:47] aiming for Bxc5.} Ba6 20. Qd1 Nxe5 21. Bxc5 bxc5 22. f4 Nc4 23. Rf2 {[%emt 0:01:02] Threatens to win with Qe1.} Ne3 24. Qf3 (24. Qc1 {feels hotter.} Nxg2 25. fxg5 Qd8 26. gxh6 Nh4 27. gxh4 Qxh4 28. Qe3) 24... Nxg2 25. fxg5 (25. Qxg2 {simplifies} Qe7 26. Re1 Rad8 27. fxg5 Qxg5 28. e5) 25... hxg5 26. e5 Rb8 27. Ne4 {[%emt 0:12:46] And now Nf6+ would win.} (27. Rxg2 Bb7 28. Qh5 Bxg2 (28... f6 29. Qxe8 Rfxe8 30. Rd2 $11) 29. Qxg5+ Kh7 30. Qh5+ Kg7 31. Qg4+ Kh6 32. Qh4+ Kg6 33. Qg4+ Kh6 34. Qh4+ Kg7 35. Qg4+ Kh8 36. Qh4+ Kg7 37. Qg4+ $11) 27... f5 $1 28. exf6 {[%emt 0:00:16][%cal Oe4g5] Strongly threatening Nxg5!} (28. Nxc5 Bc4 29. Qxg2 Qb5 $15) 28... Bb7 $1 29. Rxg2 (29. Kxg2 Qg6 30. Re1 Bd5 $11) 29... Qg6 {[%emt 0:00:29] Black is weak on the dark squares} 30. Re2 c4 (30... Bd5 $11) 31. Rf1 $16 {[%emt 0:04:38] Black must now prevent Qg4.} Bxe4 (31... e5 $16 {was necessary.} 32. Qc3 Bxe4 33. Qxc4+ (33. Qxa5 $2 c3 $19) 33... Kh7 34. Qxe4 (34. Rxe4 Rb4 $11) 34... Qxe4 35. Rxe4 Rxb2) 32. Rxe4 $18 ({Less strong is} 32. Qxe4 Qxe4 33. Rxe4 Rxb2 $14) 32... Rxb2 $2 (32... c3) 33. Rxe6 {[%emt 0:00:37][%cal Of6f7] Threatening mate with f7+!} ({Not} 33. Rxc4 Rb1 $14) 33... Qh7 {[%emt 0:00:53] [#]} (33... Kh8 $18 34. Qa3 Rb4) 34. f7+ $1 Kh8 (34... Qxf7 35. Rg6+) 35. Qc3+ {[%emt 0:00:04] Weighted Error Value: White=0.09 (flawless) /Black=0.36.  Mistake:       	---       	Black=4      Inaccurate:     	White=2     	Black=2      OK:         	White=14    	Black=9      Best:        	White=2     	Black=2      Strong:       	White=1     	Black=3      Brilliant:      	White=1     	---} 1-0

[Event "45th FIDE Olympiad 2024"]
[Site "Budapest"]
[Date "2024.09.13"]
[Round "3.25"]
[White "Wu, Li"]
[Black "Mathurin, Nathaniel"]
[Result "1-0"]
[ECO "D36"]
[WhiteElo "2325"]
[BlackElo "1982"]
[Annotator "RC"]
[PlyCount "97"]
[EventDate "2024.09.05"]
[EventType "team-tourn"]
[EventCountry "HUN"]
[SourceTitle "playchess.com"]
[Source "ChessBase"]
[SourceQuality "1"]
[WhiteTeam "Isle of Man"]
[BlackTeam "Saint Lucia"]
[WhiteTeamCountry "IOM"]
[TimeControl "40/5400+30:1800+30"]

1. d4 Nf6 2. Nf3 d5 3. c4 e6 4. cxd5 exd5 5. Nc3 Be7 6. Bg5 c6 7. Qc2 Nbd7 8. e3 O-O 9. Bd3 Re8 10. O-O Nf8 11. h3 h6 12. Bf4 Bd6 13. Ne5 Ne6 14. Bg3 c5 15. Nb5 Bf8 16. dxc5 Bxc5 17. Bh4 a6 18. Bh7+ Kf8 19. Nd4 Bxd4 20. exd4 Nxd4 21. Qd2 Rxe5 22. Qxd4 Re6 23. Rad1 Qb6 24. Bb1 Qxd4 25. Rxd4 g5 26. Bg3 Bd7 27. Bf5 Re7 28. Bd3 Kg7 29. f4 Rae8 30. fxg5 hxg5 31. Bf2 Bc6 32. Rb4 Nd7 33. Rg4 f6 34. Bd4 Ne5 35. Rg3 Rh8 36. Bc2 Rh4 37. Rd1 Kh6 38. b3 Rf4 39. Be3 Rh4 40. Rf1 Nd7 41. Rxf6+ Nxf6 42. Bxg5+ Kh5 43. Bxf6 Re1+ 44. Kh2 Rhe4 45. Bxe4 dxe4 46. Bd4 Re2 47. Be3 Rxa2 48. Rg5+ Kh4 49. Rf5 1-0

[Event "45th FIDE Olympiad 2024"]
[Site "Budapest"]
[Date "2024.09.13"]
[Round "3.26"]
[White "Bluebaum, Matthias"]
[Black "Pultinevicius, Paulius"]
[Result "1/2-1/2"]
[ECO "D35"]
[WhiteElo "2640"]
[BlackElo "2587"]
[Annotator "TA"]
[PlyCount "118"]
[EventDate "2024.09.05"]
[EventType "team-tourn"]
[EventCountry "HUN"]
[SourceTitle "playchess.com"]
[Source "ChessBase"]
[SourceQuality "1"]
[WhiteTeam "Germany"]
[BlackTeam "Lithuania"]
[WhiteTeamCountry "GER"]
[BlackTeamCountry "LTU"]
[TimeControl "40/5400+30:1800+30"]

1. d4 Nf6 2. c4 e6 3. Nc3 d5 4. cxd5 exd5 5. Bg5 c6 6. e3 h6 7. Bh4 Be7 8. Bd3 O-O 9. Nge2 Re8 10. O-O Nbd7 11. f3 b5 12. Rc1 Bb7 13. Qd2 a6 14. Bf5 g6 15. Bh3 Nb6 16. b3 {[%emt 0:02:02] Dodges Nc4} ({Much weaker is} 16. e4 Nxe4 17. Bxe7 Nxd2 $17) 16... Nh7 17. Bxe7 Qxe7 18. Nd1 $1 Ng5 19. Nf4 $1 a5 20. Re1 a4 21. Nf2 axb3 22. axb3 Ra3 23. Rb1 Rea8 24. N4d3 Ra2 25. Rb2 Ra1 26. Nc5 R8a3 {[%emt 0:06:30][%cal Ob6c4] [#] White must now prevent ...Nc4!} 27. Reb1 R3a2 28. Qe1 Rxb1 29. Rxb1 h5 30. e4 dxe4 (30... Nxh3+ {simplifies} 31. Nxh3 dxe4 32. Qxe4 Qxe4 33. fxe4 Bc8) 31. fxe4 Nxh3+ 32. Nxh3 Bc8 {[%emt 0:00:05] [#] ...Bxh3 is the strong threat.} 33. Nf2 Qg5 34. Qc3 b4 $40 {[%emt 0:05:25][%mdl 128] Black has some attack.} 35. Qg3 (35. Qxb4 $2 {is the wrong capture.} Bh3 36. g3 Qe3 $19) 35... Qd2 36. Rd1 Qb2 37. h3 Nd7 38. Na4 {[%emt 0:04:01] A dynamic duo of knights.} Qe2 39. Qf3 $1 Qxf3 (39... Ba6 {seems wilder.} 40. Qf4 Bc4 41. Nc5 Nxc5 42. dxc5 Be6) 40. gxf3 Ba6 41. Nd3 ({Better is} 41. Rc1 $15) 41... Bxd3 $17 42. Rxd3 {[%emt 0:00:00][%mdl 4096] Endgame. KRN-KRN} h4 (42... Kf8 $17 43. Nc5 Ke7) 43. Nc5 $1 $11 {[%emt 0:00:00] The position is equal.} Nxc5 44. dxc5 {[%emt 0:00:00] KR-KR} Rb2 45. Rd6 Rxb3 {[%emt 0:01:03] And now ...Rb1+ would win.} 46. Kf2 Rc3 47. Rxc6 b3 (47... Kg7 {simplifies} 48. Rb6 Rxc5 49. Rxb4 Rc2+) 48. Rb6 Kf8 (48... Rxc5 49. Rxb3 Rc2+ 50. Kf1) 49. Rb7 Ke8 (49... Rxc5 50. Rxb3 Rc2+ 51. Ke3) 50. c6 Kd8 51. e5 g5 52. Rxf7 Rxc6 53. Rb7 {[%emt 0:00:00] Inhibits Rb6.} Rc3 54. e6 Ke8 55. Ke2 g4 56. fxg4 Rxh3 {[%emt 0:00:06][%cal Ob3b2] ( -> ...b2!)} 57. Kf2 Rg3 58. g5 Rxg5 59. Rxb3 Ke7 {[%emt 0:00:05] Weighted Error Value: White=0.05 (flawless) /Black=0.05 (flawless) .  Mistake:       	White=1     	Black=1      Inaccurate:     	White=2     	Black=1      OK:         	White=22    	Black=23     Best:        	White=1     	Black=1      Strong:       	White=4     	---} 1/2-1/2

[Event "45th FIDE Olympiad 2024"]
[Site "Budapest"]
[Date "2024.09.13"]
[Round "3.26"]
[White "James, Justin"]
[Black "Ormsby, Alan"]
[Result "0-1"]
[ECO "A41"]
[WhiteElo "1745"]
[BlackElo "1914"]
[Annotator "NA RC"]
[PlyCount "136"]
[EventDate "2024.09.05"]
[EventType "team-tourn"]
[EventCountry "HUN"]
[SourceTitle "playchess.com"]
[Source "ChessBase"]
[SourceQuality "1"]
[WhiteTeam "Saint Lucia"]
[BlackTeam "Isle of Man"]
[BlackTeamCountry "IOM"]
[TimeControl "40/5400+30:1800+30"]

1. e4 g6 2. d4 Bg7 3. Nf3 d6 4. c4 a6 5. Nc3 e6 6. Be3 b6 7. Qd2 Nd7 8. h3 h6 9. Be2 Bb7 10. g4 Ne7 11. Rg1 c5 12. d5 e5 13. Nh2 g5 14. Rg2 Ng6 15. Rg1 Nf4 16. Bf1 Nf8 17. Nf3 N8g6 18. Ne2 Nxe2 19. Bxe2 Nf4 20. Bf1 Bc8 21. O-O-O Bd7 22. Rg3 Bf6 23. Ne1 b5 24. Nc2 O-O 25. Ne1 bxc4 26. Bxc4 Bb5 27. Qc2 Bxc4 28. Qxc4 Qd7 29. Rd2 Rfb8 30. Nc2 a5 31. Na3 a4 32. Kd1 Bd8 33. Bxf4 exf4 34. Rf3 Bf6 35. Qe2 Be5 36. Ke1 Rb4 37. Nc4 f6 38. Nxe5 fxe5 39. Rc3 Qb7 40. Rc4 Rb8 41. Rdc2 Kf7 42. Qd2 Ke7 43. Rxb4 Qxb4 44. Qxb4 Rxb4 45. f3 Kd7 46. Kd2 Kc7 47. Ke2 Kb6 48. Kd2 Kb5 49. Kc1 Rd4 50. Rc3 Kb4 51. Kc2 Rc4 52. a3+ Kb5 53. Kd2 Rd4+ 54. Kc1 c4 55. Kc2 Kc5 56. Kc1 Rd3 57. Kc2 Kd4 58. Rxd3+ cxd3+ 59. Kd2 Kc4 60. Kd1 Kb3 61. Kd2 Kxb2 62. Kxd3 Kxa3 63. Kc3 Ka2 64. Kc2 a3 65. Kc1 Kb3 66. Kb1 Kc3 67. Ka2 Kd3 68. Kxa3 Ke3 0-1

[Event "45th FIDE Olympiad 2024"]
[Site "Budapest"]
[Date "2024.09.13"]
[Round "3.27"]
[White "Kazakouski, Valery"]
[Black "Donchenko, Alexander"]
[Result "1-0"]
[ECO "E15"]
[WhiteElo "2577"]
[BlackElo "2638"]
[Annotator "RC"]
[PlyCount "147"]
[EventDate "2024.09.05"]
[EventType "team-tourn"]
[EventCountry "HUN"]
[SourceTitle "playchess.com"]
[Source "ChessBase"]
[SourceQuality "1"]
[WhiteTeam "Lithuania"]
[BlackTeam "Germany"]
[WhiteTeamCountry "LTU"]
[BlackTeamCountry "GER"]
[TimeControl "40/5400+30:1800+30"]

1. d4 Nf6 2. c4 e6 3. Nf3 b6 4. g3 Ba6 5. b3 Bb4+ 6. Bd2 Be7 7. Nc3 d5 8. cxd5 exd5 9. Bg2 O-O 10. O-O Nbd7 11. Bf4 Re8 12. Ne5 Bb7 13. Rc1 Nf8 14. Bg5 Ne6 15. Bxf6 Bxf6 16. e3 c5 17. f4 Rc8 18. Qd3 a6 19. g4 cxd4 20. exd4 Be7 21. Qf5 Rf8 22. Ne2 Ba3 23. Rxc8 Qxc8 24. g5 a5 25. Rd1 Ba6 26. Ng3 g6 27. Qg4 Qc3 28. Nd7 Qe3+ 29. Kh1 Qxf4 30. Qxf4 Nxf4 31. Nxf8 Kxf8 32. Bf1 Bc8 33. Bb5 Nh3 34. Kg2 Nxg5 35. Bc6 Bg4 36. Re1 Bh3+ 37. Kf2 Be6 38. Ne2 Bd6 39. Ke3 Bxh2 40. Nc3 Bg3 41. Rh1 h5 42. Bxd5 Bd7 43. Rf1 f5 44. Ne2 Bd6 45. Rg1 f4+ 46. Kd2 Bg4 47. Rf1 Nh3 48. Bg2 Kg7 49. Kd3 Bc8 50. Kd2 Bg4 51. Kd3 Kh6 52. Kd2 Bc8 53. Rh1 Bb4+ 54. Nc3 Ng5 55. Rf1 Ne6 56. d5 Nd4 57. Kd3 f3 58. Bxf3 Ba6+ 59. Kxd4 Bxf1 60. Ne4 h4 61. d6 h3 62. d7 Be7 63. Nd6 Kg5 64. Ke3 Kh4 65. Kf2 Ba6 66. Nf7 g5 67. Ne5 Bc5+ 68. Ke1 Bb4+ 69. Kd1 Be7 70. Ng6+ Kg3 71. Nxe7 Kxf3 72. d8=Q h2 73. Qd5+ Kf2 74. Qf5+ 1-0

[Event "45th FIDE Olympiad 2024"]
[Site "Budapest"]
[Date "2024.09.13"]
[Round "3.27"]
[White "Gumireddy, Sanjay"]
[Black "Elizee, Kaieem"]
[Result "0-1"]
[ECO "B21"]
[WhiteElo "1907"]
[BlackElo "1701"]
[Annotator "NA RC"]
[PlyCount "94"]
[EventDate "2024.09.05"]
[EventType "team-tourn"]
[EventCountry "HUN"]
[SourceTitle "playchess.com"]
[Source "ChessBase"]
[SourceQuality "1"]
[WhiteTeam "Isle of Man"]
[BlackTeam "Saint Lucia"]
[WhiteTeamCountry "IOM"]
[TimeControl "40/5400+30:1800+30"]

1. e4 c5 2. d4 cxd4 3. c3 dxc3 4. Nxc3 e6 5. Nf3 Nc6 6. Bc4 a6 7. O-O Nge7 8. Qe2 b5 9. Bb3 Ng6 10. Be3 Be7 11. Rfd1 O-O 12. Rac1 Bb7 13. a3 Na5 14. Ba2 Rc8 15. Nd4 Nc4 16. Bxc4 bxc4 17. f4 d5 18. e5 Qd7 19. Qg4 Bc5 20. h4 Ne7 21. Nce2 f5 22. Qf3 Ba8 23. Qf2 Qa7 24. Rc3 Bxd4 25. Nxd4 Qd7 26. h5 Nc6 27. Qh4 Nxd4 28. Bxd4 Qd8 29. Qf2 Qe8 30. Rh3 Rf7 31. Rc1 Rfc7 32. Rcc3 Rb7 33. Rcg3 Rcb8 34. Rg5 Rb3 35. Bc3 R3b7 36. Qh4 Qd8 37. Qg3 d4 38. Bb4 d3 39. Qe1 Qd4+ 40. Qf2 Qxf2+ 41. Kxf2 a5 42. Bc3 Rxb2+ 43. Bxb2 Rxb2+ 44. Ke1 Be4 45. Rhg3 g6 46. Re3 c3 47. Rxd3 Bxd3 0-1

[Event "45th FIDE Olympiad 2024"]
[Site "Budapest"]
[Date "2024.09.13"]
[Round "3.28"]
[White "Svane, Frederik"]
[Black "Laurusas, Tomas"]
[Result "1-0"]
[ECO "C43"]
[WhiteElo "2640"]
[BlackElo "2569"]
[Annotator "RC"]
[PlyCount "157"]
[EventDate "2024.09.05"]
[EventType "team-tourn"]
[EventCountry "HUN"]
[SourceTitle "playchess.com"]
[Source "ChessBase"]
[SourceQuality "1"]
[WhiteTeam "Germany"]
[BlackTeam "Lithuania"]
[WhiteTeamCountry "GER"]
[BlackTeamCountry "LTU"]
[TimeControl "40/5400+30:1800+30"]

1. e4 e5 2. Nf3 Nf6 3. d4 Nxe4 4. dxe5 d5 5. Nbd2 Nc5 6. Be2 Be7 7. O-O O-O 8. Re1 Nc6 9. Nf1 Bf5 10. c3 Bg6 11. Ng3 Qd7 12. Bf4 Rad8 13. Nd4 Ne6 14. Bg4 Ncxd4 15. cxd4 c5 16. Be3 cxd4 17. Bxd4 Qb5 18. Bxe6 fxe6 19. Qg4 Qa6 20. Rac1 Rc8 21. h4 Rc6 22. Rxc6 Qxc6 23. Re3 b6 24. Rc3 Qd7 25. h5 Bf5 26. Qd1 Bb4 27. Rf3 Be4 28. Rb3 Be7 29. Rc3 Bb4 30. Rb3 Be7 31. Rc3 Bb4 32. Re3 Bf5 33. a3 Be7 34. Rc3 h6 35. Qc1 Bd8 36. Rc6 Bh7 37. Rd6 Qa4 38. b4 Bh4 39. Rxe6 Bxg3 40. fxg3 Bd3 41. Bf2 Qd7 42. Rc6 Qf5 43. Qe1 Be4 44. e6 Qe5 45. Qc1 Re8 46. Qf4 Qxh5 47. g4 Qg5 48. Qxg5 hxg5 49. Rc7 Rxe6 50. Rxa7 b5 51. a4 bxa4 52. b5 d4 53. Bxd4 Rd6 54. Rxa4 Kf7 55. Kf2 Bb7 56. Be3 Kf6 57. Rc4 Rd5 58. b6 Rb5 59. Bd4+ Ke6 60. Rc7 Bd5 61. Rxg7 Rb4 62. Be3 Rb2+ 63. Ke1 Rb1+ 64. Kd2 Rb2+ 65. Kc1 Rb3 66. Bxg5 Bxg2 67. Kc2 Rb5 68. Be3 Kf6 69. Rc7 Rb4 70. g5+ Kg6 71. Kc3 Rb1 72. Rc4 Bb7 73. Rf4 Rb5 74. Rf6+ Kg7 75. Rd6 Be4 76. Bd4+ Kf8 77. g6 Rg5 78. g7+ Ke7 79. Bf6+ 1-0

[Event "45th FIDE Olympiad 2024"]
[Site "Budapest"]
[Date "2024.09.13"]
[Round "3.28"]
[White "Daniel, Cyrus"]
[Black "Miah, Zahed"]
[Result "1-0"]
[ECO "B12"]
[WhiteElo "1759"]
[BlackElo "1895"]
[Annotator "NA RC"]
[PlyCount "77"]
[EventDate "2024.09.05"]
[EventType "team-tourn"]
[EventCountry "HUN"]
[SourceTitle "playchess.com"]
[Source "ChessBase"]
[SourceQuality "1"]
[WhiteTeam "Saint Lucia"]
[BlackTeam "Isle of Man"]
[BlackTeamCountry "IOM"]
[TimeControl "40/5400+30:1800+30"]

1. e4 c6 2. d4 d5 3. e5 Bf5 4. g4 Bd7 5. Bd3 e6 6. Qe2 c5 7. dxc5 Bxc5 8. Nd2 Nc6 9. Ngf3 Nge7 10. Nb3 Bb6 11. h4 Qc7 12. Bf4 Nb4 13. c3 Nxd3+ 14. Qxd3 a6 15. Nbd4 Nc6 16. Nxc6 bxc6 17. Bg3 c5 18. Nd2 Bb5 19. c4 dxc4 20. Nxc4 Ba5+ 21. Kf1 Rd8 22. Qc2 Rd4 23. b3 O-O 24. Qe2 Rfd8 25. Kg1 Rd2 26. Qe3 R8d3 27. Qg5 Bxc4 28. bxc4 Qb7 29. Kh2 Bc3 30. Rab1 Bb2 31. Qf4 Qd7 32. Qe4 Qc8 33. Rxb2 Rd4 34. Qb1 Rxb2 35. Qxb2 Rxc4 36. Qe2 Ra4 37. Rd1 h6 38. Rd6 c4 39. Qd1 1-0